 Dungeon Crawl Stone Soup version 0.28.0-43-g3370ac3207 (webtiles) character file.

Game seed: 5894377686138242014

376 Ablot the Grasshopper (level 6, -1/51 HPs)
             Began as a Gnoll Warper on Mar 16, 2022.
             Slain by an orc
             ... wielding a +0 club
              (6 damage)
             ... on level 3 of the Dungeon.
             The game lasted 00:05:48 (4123 turns).

Ablot the Grasshopper (Gnoll Warper)                Turns: 4123, Time: 00:05:49

Health: -1/51      AC:  3    Str: 12    XL:     6   Next: 73%
Magic:  11/14      EV: 13    Int: 12    God:
Gold:   100        SH:  0    Dex: 12    Spells: 13/15 levels left

rFire   . . .      SeeInvis .   a - +0 spear
rCold   . . .      Faith    .   (no shield)
rNeg    . . .      Spirit   .   r - +1 robe
rPois   .          Reflect  .   (no helmet)
rElec   .          Harm     .   (no cloak)
rCorr   .          Rampage  .   (no gloves)
Will    .....                   (no boots)
Stlth   +.........              (no amulet)
HPRegen 0.17/turn               (no ring)
MPRegen 0.14/turn               (no ring)

@: confused, very slow
A: fangs 1, strong nose, distributed training
a: no special abilities


You were on level 3 of the Dungeon.
You visited 1 branch of the dungeon, and saw 3 of its levels.

You collected 100 gold pieces.

Inventory:

Hand Weapons
 a - a +0 spear (weapon)
Missiles
 d - 5 boomerangs of dispersal
 e - 41 arrows
 f - 126 stones
 g - 38 bolts
 h - 12 boomerangs (quivered)
 n - 27 sling bullets
 p - 2 silver javelins
 t - 5 poisoned darts
Armour
 r - a +1 robe (worn)
Scrolls
 b - a scroll of enchant weapon {unknown}
 c - a scroll of blinking
 k - a scroll of teleportation {unknown}
 l - a scroll of amnesia {unknown}
 o - 3 scrolls of identify {unknown}
 q - a scroll of torment {unknown}
 s - a scroll of acquirement {unknown}
 u - a scroll of enchant armour {unknown}
Potions
 i - 2 potions of heal wounds {unknown}
 j - a potion of mutation {unknown}
 m - a potion of attraction {unknown}


   Skills:
 + Level 5.0 Fighting
 + Level 2.1 Short Blades
 + Level 2.1 Long Blades
 + Level 2.1 Axes
 + Level 2.1 Maces & Flails
 + Level 5.0 Polearms
 + Level 2.1 Staves
 + Level 2.1 Slings
 + Level 2.1 Bows
 + Level 2.1 Crossbows
 + Level 3.3 Throwing
 + Level 3.3 Armour
 + Level 5.0 Dodging
 + Level 2.1 Stealth
 + Level 2.1 Shields
 + Level 2.1 Unarmed Combat
 + Level 5.4 Spellcasting
 + Level 1.6 Conjurations
 + Level 1.6 Hexes
 + Level 1.6 Summonings
 + Level 1.6 Necromancy
 + Level 5.7 Translocations
 + Level 1.6 Transmutations
 + Level 1.6 Fire Magic
 + Level 1.6 Ice Magic
 + Level 1.6 Air Magic
 + Level 1.6 Earth Magic
 + Level 1.6 Poison Magic
 + Level 2.3 Invocations
 + Level 2.1 Evocations


You had 13 spell levels left.
You knew the following spells:

 Your Spells              Type           Power      Damage    Failure   Level
a - Blink                 Tloc           34%        N/A       2%          2

Your spell library contained the following spells:

 Spells                   Type           Power      Damage    Failure   Level
 Gell's Gravitas          Tloc           17%        N/A       5%          3
 Lesser Beckoning         Tloc           17%        N/A       5%          3
 Teleport Other           Tloc           17%        N/A       5%          3
 Manifold Assault         Tloc           17%        N/A       45%         5


Dungeon Overview and Level Annotations

Branches:
Dungeon (3/15)

Altars:
Dithmenos
Wu Jian


Innate Abilities, Weirdness & Mutations

You have very sharp teeth.
Your uncanny sense of smell can sniff out nearby items.
Your experience applies equally to all skills.


Message History

Press: ? - help, Dir - move target, f/p - orc
Aim: an orc, wielding a +0 club and wearing a +0 ring mail (berserk, about 32% to evade your +0 spear)
You reach to attack!
You closely miss the orc. The orc closely misses you.
Unknown command.
The orc hits you with a +0 club.
Casting: Blink (safe; 2% risk of failure)
Confirm with . or Enter, or press ? or * to list all spells.
You blink.
You barely miss the orc. The orc barely misses you.
The orc completely misses you.
You hit the orc but do no damage. The orc completely misses you.
Casting: Blink (safe; 2% risk of failure)
Confirm with . or Enter, or press ? or * to list all spells.
You are still too unstable to blink.
You feel stable enough to blink again. The orc hits you with a +0 club.
The orc misses you.
Casting: Blink (safe; 2% risk of failure)
Confirm with . or Enter, or press ? or * to list all spells.
You blink.
Splash!
You fall into the shallow water.
Moving in this stuff is going to be slow.
A puff of flame appears from out of thin air!
The puff of flame hits you.
* * * LOW HITPOINT WARNING * * *
The orc barely misses you. The orc hits you with a +0 club.
* * * LOW HITPOINT WARNING * * *
You hear some strange, mumbled words.
You are confused.
You feel stable enough to blink again.
The orc closely misses you. x2; Something hits you but does no damage.
The orc hits you but does no damage.
You nearly stumble into some deep water!
You hear some strange, mumbled words.
A magic dart appears from out of thin air!
The magic dart hits you!
* * * LOW HITPOINT WARNING * * *
The orc hits you with a +0 club.
You die...

....# '§#### ..##.#######
.###.......## ##.##
.....###.#..###########......
.....†.......................
.....†...........§§..........
≈≈≈≈≈≈)≈.....≈..o{≈≈≈≈≈≈≈..≈.
≈≈≈≈≈≈≈≈....≈≈≈≈@o§≈≈≈≈≈≈≈≈≈≈
≈≈≈≈≈≈≈≈....≈≈≈≈≈≈≈≈≈≈≈≈≈≈≈≈≈
≈≈≈≈≈≈≈≈.....≈≈≈≈≈≈≈≈≈≈≈≈≈≈≈≈
#########''##################
#....# #....# ##....#########
...#....†o#.....o.
...'......o)....o.


You could see 2 orcs.

Vanquished Creatures
  Sigmund (D:2)
  An orc priest (D:3)
  An iguana (D:3)
  3 gnolls (D:3)
  4 adders
  3 worms
  3 dart slugs
  6 orcs (D:3)
  10 endoplasms
  2 giant cockroaches
  4 goblins
  4 hobgoblins
  4 quokkas
  8 ball pythons
  5 bats (D:1)
  2 frilled lizards
  15 kobolds
  5 rats (D:1)
81 creatures vanquished.

Notes
Turn   | Place    | Note
-------+----------+-------------------------------------------
     0 | D:1      | Ablot the Gnoll Warper began the quest for the Orb.
     0 | D:1      | Reached XP level 1. HP: 20/20 MP: 6/6
     8 | D:1      | Noticed an electric eel
   144 | D:1      | Reached XP level 2. HP: 25/26 MP: 7/7
   149 | D:1      | Learned a level 2 spell: Blink
   425 | D:1      | Reached XP level 3. HP: 26/31 MP: 9/9
   430 | D:1      | Reached skill level 5 in Spellcasting
   992 | D:1      | Reached skill level 1 in Invocations
  1318 | D:2      | Noticed Sigmund
  1335 | D:2      | HP: 1/31 [something (5)]
  1926 | D:2      | Reached skill level 1 in Short Blades
  1926 | D:2      | Reached skill level 1 in Long Blades
  1926 | D:2      | Reached skill level 1 in Axes
  1926 | D:2      | Reached skill level 1 in Maces & Flails
  1926 | D:2      | Reached skill level 1 in Staves
  1926 | D:2      | Reached skill level 1 in Slings
  1926 | D:2      | Reached skill level 1 in Bows
  1926 | D:2      | Reached skill level 1 in Crossbows
  1926 | D:2      | Reached skill level 1 in Stealth
  1926 | D:2      | Reached skill level 1 in Shields
  1926 | D:2      | Reached skill level 1 in Unarmed Combat
  1926 | D:2      | Reached skill level 1 in Evocations
  2000 | D:2      | Reached XP level 4. HP: 8/38 MP: 6/11
  2484 | D:2      | Found a faded altar of an unknown god.
  2512 | D:2      | Killed Sigmund
  2513 | D:2      | Reached skill level 1 in Conjurations
  2513 | D:2      | Reached skill level 1 in Hexes
  2513 | D:2      | Reached skill level 1 in Summonings
  2513 | D:2      | Reached skill level 1 in Necromancy
  2513 | D:2      | Reached skill level 1 in Transmutations
  2513 | D:2      | Reached skill level 1 in Fire Magic
  2513 | D:2      | Reached skill level 1 in Ice Magic
  2513 | D:2      | Reached skill level 1 in Air Magic
  2513 | D:2      | Reached skill level 1 in Earth Magic
  2513 | D:2      | Reached skill level 1 in Poison Magic
  2513 | D:2      | Reached XP level 5. HP: 43/43 MP: 12/12
  2513 | D:2      | Reached XP level 6. HP: 50/50 MP: 13/13
  3038 | D:3      | Found a shadowy altar of Dithmenos.
  3528 | D:3      | Reached skill level 5 in Fighting
  3528 | D:3      | Reached skill level 5 in Polearms
  3528 | D:3      | Reached skill level 5 in Dodging
  3542 | D:3      | Found an ornate altar of the Wu Jian Council.
  4123 | D:3      | Slain by an orc

Illustrated notes

Levels and vault maps discovered:
D:1:      arrival_aquarium_a, layout_loops_ring, minivault_24,
          hangedman_glass_teeth, minmay_ruptured
D:2:      layout_basic, ebering_ecumenical_altar_rust, minmay_distorted,
          uniq_sigmund
D:3:      minmay_goblin_kobold_castle, layout_loops_ring,
          grunt_dithmenos_smoke_and_mirrors, pdpol_wu_jian_five_deadly_venoms,
          kennysheep_generic_room_15

Skill      XL: |  1  2  3  4  5  6 |
---------------+-------------------+-----
Spellcasting   | 5 |  5.4
Invocations    | 1 2 |  2.3
Short Blades   | 1 2 |  2.1
Long Blades    | 1 2 |  2.1
Axes           | 1 2 |  2.1
Maces & Flails | 1 2 |  2.1
Staves         | 1 2 |  2.1
Slings         | 1 2 |  2.1
Bows           | 1 2 |  2.1
Crossbows      | 1 2 |  2.1
Stealth        | 1 2 |  2.1
Shields        | 1 2 |  2.1
Unarmed Combat | 1 2 |  2.1
Evocations     | 1 2 |  2.1
Throwing       | 3 |  3.3
Armour         | 3 |  3.3
Conjurations   | 1 |  1.6
Hexes          | 1 |  1.6
Summonings     | 1 |  1.6
Necromancy     | 1 |  1.6
Transmutations | 1 |  1.6
Fire Magic     | 1 |  1.6
Ice Magic      | 1 |  1.6
Air Magic      | 1 |  1.6
Earth Magic    | 1 |  1.6
Poison Magic   | 1 |  1.6
Fighting       | 5 |  5.0
Polearms       | 5 |  5.0
Dodging        | 5 |  5.0
Translocations | |  5.7

Action                   |  1- 3 |  4- 6 || total
-------------------------+-------+-------++-------
Melee: Spear             |   161 |   158 ||   319
       Punch             |     2 |     3 ||     5
       Bite              |    15 |    20 ||    35
Throw: Javelin           |     4 |     9 ||    13
       Boomerang         |     3 |    12 ||    15
 Cast: Blink             |     2 |     3 ||     5
 Stab: Sleeping          |     2 |     2 ||     4
       Distracted        |       |     1 ||     1
Armor: Leather armour    |    38 |       ||    38
       Robe              |       |    13 ||    13
Dodge: Dodged            |    80 |    80 ||   160
